 Dungeon Crawl Stone Soup version 0.25-a0-1056-g2efb326896 (webtiles) character file.

Game seed: 7372630559271237780, levelgen mode: deterministic

23 zeramoth the Grave Robber (level 2, 0/23 HPs)
             Began as a Ghoul Necromancer on May 13, 2020.
             Slain by a bat (1 damage)
             ... on level 1 of the Dungeon.
             The game lasted 00:01:49 (1098 turns).

zeramoth the Grave Robber (Ghoul Necromancer)       Turns: 1098, Time: 00:01:49

Health: 0/23       AC: 10    Str: 11    XL:     2   Next: 95%
Magic:  4/4        EV:  2    Int: 10    God:
Gold:   35         SH:  0    Dex:  9    Spells: 4/5 levels left

rFire    . . .     SeeInvis .     - Unarmed
rCold    + . .     Gourm    .   (no shield)
rNeg     + + +     Faith    .   e - +0 plate armour
rPois    ∞         Spirit   .   (no helmet)
rElec    .         Reflect  .   (no cloak)
rCorr    .         Harm     .   (no gloves)
MR       .....                  (no boots)
Stlth    ..........             (no amulet)
HPRegen  0.00/turn              (no ring)
MPRegen  0.09/turn              (no ring)

@: rotting
A: rotting body, claws 1, carnivore, cold resistance 1, negative energy
resistance 3, inhibited regeneration, torment resistance, unbreathing
a: no special abilities


You were on level 1 of the Dungeon.
You were not hungry.

You visited 1 branch of the dungeon, and saw 1 of its levels.

You collected 35 gold pieces.


Innate Abilities, Weirdness & Mutations

Your body is rotting away.
You thrive on raw meat.
You are immune to poison.
You have sharp fingernails.
You are carnivorous and can eat meat at any time.
Your flesh is cold resistant. (rC+)
You are immune to negative energy. (rN+++)
You do not regenerate when monsters are visible.
You are immune to unholy pain and torment.
You can survive without breathing.


   Skills:
 + Level 1.0 Fighting
 - Level 1.7 Dodging
 - Level 2.1 Stealth
 * Level 1.5 Unarmed Combat
 + Level 2.0 Spellcasting
 + Level 4.1 Necromancy


You had 4 spell levels left.
You knew the following spells:

 Your Spells              Type           Power        Failure   Level  Hunger
z - Pain                  Necr           #...         100%        1    ##.....

Your spell library contained the following spells:

 Spells                   Type           Power        Failure   Level  Hunger
 Animate Skeleton         Necr           N/A          100%        1    ##.....
 Vampiric Draining        Necr           #.........   100%        3    ####...
 Animate Dead             Necr           N/A          100%        4    #####..
 Agony                    Necr           #.......     100%        5    ######.

Inventory:

Armour
 a - a +0 robe
 e - a +0 plate armour (worn)
Scrolls
 b - a scroll of blinking {unknown}
 g - a scroll of identify {unknown}
Potions
 d - a potion of lignification {unknown}
 h - a potion of mutation {unknown}
Comestibles
 c - 3 rations {@e1}
 f - 5 chunks of flesh

Dungeon Overview and Level Annotations

Branches:
Dungeon (1/15)

Altars:

≈▒.▒▒♣♣.....♣♣▒▒.▒≈▒≈.#
♣8.▒♣≈....[..≈♣▒.8 ♣≈.#
≈▒.8▒.........▒8.▒ ▒≈.#
▒▒.▒▒...≈♣≈...▒▒.▒▒▒≈.#
'..++...♣8♣...++..''..#
▒▒.▒▒...≈♣≈...▒▒.▒▒▒≈.#
▒.8▒.........▒8.▒≈▒≈.#####
8.▒♣≈.......≈♣▒.8♣♣≈.....#
▒.▒▒♣♣.....♣♣▒▒@▒≈▒≈.....#
▒+▒ ▒▒▒'▒▒▒▒▒▒b▒▒▒≈.....#
▒▒8▒'▒8▒▒8...8▒≈.....#
+.......'.....▒≈..####
▒▒▒▒8▒▒▒▒8...<▒≈...# ▒≈♣≈
▒▒▒▒▒▒▒≈..## ≈ ▒▒ ▒
≈≈≈≈≈≈≈≈.###### .
..............## ##
.#...$?...($...##


You could see a bat.


Message History

The bat hits you but does no damage.
There is a large open door here.
The bat hits you.
* * * LOW HITPOINT WARNING * * *
The bat hits you but does no damage.
You closely miss the bat. The bat hits you but does no damage.
You miss the bat. The bat hits you.
* * * LOW HITPOINT WARNING * * *
The bat hits you but does no damage.
There is a large open door here.
The bat hits you but does no damage. The bat hits you but does no damage.
The bat hits you but does no damage. The bat hits you but does no damage. x2
The bat hits you but does no damage. x3
The bat hits you but does no damage. The bat hits you but does no damage. x2
The bat hits you but does no damage. The bat hits you but does no damage.
The bat hits you but does no damage. The bat hits you.
* * * LOW HITPOINT WARNING * * *
The bat hits you but does no damage. x2
The bat hits you but does no damage.
There is an open door here.
The bat hits you but does no damage. The bat hits you but does no damage. x2
There is an open door here.
The bat hits you.
You die...

Skill      XL: |  1  2 |
---------------+-------+-----
Unarmed Combat | 1 |  1.5
Spellcasting   | 2 |  2.0
Fighting       | 1 |  1.0
Dodging        | |  1.7
Stealth        | |  2.1
Necromancy     | |  4.1

Action                   || total
-------------------------++-------
Melee: Unarmed           ||   112
  Eat: Chunk             ||     3
Armor: Robe              ||    15
       Plate armour      ||    88
Dodge: Dodged            ||    69

Levels and vault maps discovered:
D:1:      saegor_arrival_fortress, layout_rooms

Notes
Turn   | Place    | Note
-------+----------+-------------------------------------------
     0 | D:1      | zeramoth the Ghoul Necromancer began the quest for the Orb.
     0 | D:1      | Reached XP level 1. HP: 14/14 MP: 2/2
   132 | D:1      | Reached skill level 1 in Unarmed Combat
   132 | D:1      | Reached XP level 2. HP: 14/22 MP: 3/3
   537 | D:1      | Reached skill level 2 in Spellcasting
   937 | D:1      | Reached skill level 1 in Fighting
  1081 | D:1      | HP: 2/23 [bat (1)]
  1093 | D:1      | HP: 1/23 [bat (1)]
  1098 | D:1      | Slain by a bat

Vanquished Creatures
  2 adder zombies (D:1)
  A ball python (D:1)
  2 giant cockroaches (D:1)
  3 hobgoblins (D:1)
  2 bats (D:1)
  3 frilled lizards (D:1)
  3 kobolds (D:1)
16 creatures vanquished.

Table legend:
 A = Turns spent in this place as a percentage of turns spent in the entire game.
 B = Non-inter-level travel turns spent in this place as a percentage of non-inter-level travel turns spent in the entire game.
 C = Inter-level travel turns spent in this place as a percentage of turns spent in this place.
 D = Turns resting spent in this place as a percentage of non-inter-level travel turns spent in this place.
 E = Turns spent auto-exploring this place as a percentage of non-inter-level travel turns spent in this place.
 F = Non-inter-level travel turns spent in this place divided by the number of levels of this place that you've seen.
                   A       B       C       D       E      F
               +-------+-------+-------+-------+-------+----------------------
         Total | 100.0 | 100.0 |   0.0 |   0.0 |  78.1 | 1098.0
       Dungeon | 100.0 | 100.0 |   0.0 |   0.0 |  78.1 | 1098.0
               +-------+-------+-------+-------+-------+----------------------

Table legend:
 A = Non-vault XP
 B = Vault XP
 C = Vault XP percentage of total XP
 D = Non-vault monster count
 E = Vault monster count
 F = Vault count percentage of total count
                 A         B        C        D         E       F
            +---------+---------+-------+---------+---------+-------
      Total |      22 |      11 |  33.3 |      14 |       2 |  12.5
            +---------+---------+-------+---------+---------+-------
        D:1 |      22 |      11 |  33.3 |      14 |       2 |  12.5
            +---------+---------+-------+---------+---------+-------
